Map: [ESL] Stargazers

Players

HeroMarine

  • Race: Terran Terran
  • League: Master
  • Spawn Location: 1:00

Serral - Winner!

  • Race: Zerg Zerg
  • Spawn Location: 11:00

Event: HomeStory Cup XXII

VOD

Have the link to the VOD?

Description

Time

  • Played on: Dec. 17, 2022, 3:40 p.m.
  • Length: 13:26

All games in this series

Show
View Real Time Build Order
Export as new Build Order

HeroMarine Terran 

Build Orders: Reaper Expand 

Get SALT Encoding   

  12  0:00  SCV  
  13  0:12  SCV  
  14  0:17  Supply Depot  
  14  0:24  SCV  
  15  0:38  SCV  
  15  0:41  Barracks  
  16  0:43  Refinery  
  16  0:50  SCV  
  17  1:03  SCV  
  18  1:15  SCV  
  19  1:27  Reaper, Orbital Command  
  20  1:40  Command Center  
  20  1:48  Supply Depot  
  20  1:53  SCV  
  21  1:59  Marine  
  22  2:05  SCV  
  23  2:11  Factory  
  23  2:17  SCV  
  23  2:22  Barracks Reactor  
  24  2:29  SCV  
  25  2:38  Command Center  
  25  2:41  SCV  
  26  2:52  Orbital Command  
  26  2:53  SCV  
  27  3:00  Orbital Command, Starport  
  27  3:05  SCV  
  28  3:07  Refinery  
  28  3:09  Hellion  
  30  3:13  Hellion  
  30  3:17  SCV  
  33  3:20  Marine  
  33  3:26  SCV  
  35  3:29  SCV  
  35  3:33  Hellion  
  38  3:35  Hellion  
  38  3:37  Viking  
  42  3:41  SCV  
  42  3:43  Barracks Tech Lab  
  42  3:48  SCV  
  44  3:50  Orbital Command  
  44  3:54  SCV  
  45  4:00  SCV  
  46  4:03  Stimpack, Marine  
  46  4:06  SCV  
  48  4:13  SCV  
  48  4:15  Barracks  
  48  4:16  Barracks, Factory Reactor  
  49  4:17  SCV  
  49  4:18  SCV  
  49  4:21  Marine  
  52  4:25  SCV  
  52  4:28  Supply Depot  
  52  4:29  SCV  
  52  4:30  SCV  
  55  4:37  SCV  
  56  4:39  Marine  
  56  4:41  SCV  
  56  4:42  SCV  
  56  4:45  Engineering Bay x2  
  59  4:46  Starport Reactor  
  59  4:47  Refinery  
  59  4:50  SCV  
  60  4:53  SCV  
  60  4:54  SCV  
  60  4:57  Marine  
  63  5:04  SCV, Orbital Command  
  63  5:05  Factory Reactor  
  63  5:06  SCV  
  66  5:10  Barracks x2  
  66  5:12  Terran Infantry Armor Level 1, Terran Infantry Weapons Level 1  
  65  5:15  Marine  
  65  5:16  SCV  
  65  5:18  SCV, Marine  
  69  5:21  Missile Turret  
  69  5:23  Supply Depot  
  69  5:28  SCV, Missile Turret, Medivac x2, Marine  
  74  5:29  Marine  
  74  5:30  SCV  
  77  5:44  SCV x3, Marine x3  
  77  5:45  Marine  
  77  5:46  Marine  
  85  5:50  Supply Depot x2, Combat Shield  
  85  5:57  Supply Depot  
  85  6:06  Barracks Reactor x2  
  85  6:12  SCV x3, Widow Mine x2, Marine x3  
  85  6:13  Supply Depot  
  85  6:15  Supply Depot, Marine x2  
  97  6:19  Medivac  
  97  6:23  Medivac  
  97  6:24  SCV x3  
  104  6:30  Marine x3  
  107  6:33  Marine  
  107  6:36  SCV x3  
  107  6:39  Refinery  
  111  6:41  Refinery, Barracks x2  
  111  6:44  Barracks  
  111  6:48  SCV x3  
  111  6:49  Marine x3  
  115  6:54  Marine x2  
  115  6:55  Marine x3  
  115  6:56  Widow Mine x2  
  115  7:00  Medivac x2  
  127  7:03  Marine  
  127  7:07  Marine x2  
  130  7:10  Supply Depot  
  130  7:12  Armory  
  130  7:14  Supply Depot  
  130  7:16  Marine x2  
  130  7:17  Supply Depot, Marine  
  130  7:18  Marine  
  132  7:24  Marine x3  
  132  7:25  Marine x2  
  128  7:30  SCV x3  
  128  7:34  Marine x2  
  128  7:35  Marine x2  
  126  7:41  Medivac  
  126  7:42  Medivac, Marine x3  
  133  7:44  Marine  
  133  7:45  Marine  
  133  7:48  Barracks Tech Lab x3  
  135  7:52  Marine x2  
  135  7:53  Marine x2  
  135  7:54  Widow Mine x2  
  143  7:59  Marine  
  143  8:01  Marine x2  
  143  8:02  Marine  
  143  8:04  Marine  
  145  8:11  Medivac  
  144  8:15  Widow Mine x2  
  144  8:17  Marine  
  144  8:18  Marine  
  134  8:24  SCV  
  134  8:25  Terran Infantry Weapons Level 2, Terran Infantry Armor Level 2  
  121  8:30  Marauder  
  121  8:31  Marine x2  
  121  8:32  SCV x2  
  121  8:33  Marauder, Marine x4  
  121  8:34  Marauder x2  
  119  8:36  SCV, Widow Mine  
  119  8:37  Widow Mine  
  119  8:39  Marine x2  
  122  8:49  Marine x2  
  122  8:50  Marine x2  
  122  8:51  Marine  
  122  8:54  Marine  
  122  8:55  Marauder, Marine  
  129  8:56  Medivac x2  
  129  8:58  Marine x2  
  129  9:00  Concussive Shells  
  137  9:06  Widow Mine x2  
  137  9:07  Marine x2  
  137  9:08  Marine  
  137  9:09  Marauder, Marine  
  146  9:11  Marauder  
  146  9:12  Marauder  
  146  9:16  Marauder  
  150  9:22  Marine x2  
  150  9:23  Marine  
  153  9:27  Widow Mine, Marine x2  
  153  9:28  Widow Mine  
  153  9:29  Marine  
  153  9:30  Marauder, Marine x2  
  164  9:32  Medivac  
  164  9:34  Marauder  
  164  9:45  Marauder  
  164  9:46  Medivac, Marine  
  164  9:47  Marauder, Marine  
  164  9:48  Marine  
  164  9:52  Marauder  
  130  9:55  Marauder  
  130  9:56  Marine x2  
  130  9:59  Marine  
  132  10:02  Medivac  
  132  10:05  Marine x3  
  132  10:06  Marauder  
  134  10:08  Marine x2  
  134  10:09  Widow Mine x2, Marauder  
  134  10:11  Supply Depot  
  134  10:12  Supply Depot  
  134  10:13  Marauder, Marine  
  145  10:17  Marauder  
  133  10:24  Marine x3  
  133  10:27  Marine x2  
  133  10:28  Marauder, Marine  
  139  10:30  Marauder  
  139  10:35  Marauder, Marine x2  
  132  10:38  Medivac, Widow Mine x2, Marauder  
  132  10:39  Medivac  
  132  10:42  Marine  
  137  10:46  Marine x4  
  137  10:47  Marine  
  137  10:49  Marauder  
  137  10:51  Marauder  
  137  10:53  Marine x2  
  137  10:56  Marauder  
  141  11:00  Marauder  
  143  11:11  Marauder, Marine x2  
  135  11:12  Marine  
  135  11:13  Widow Mine x2, Marauder  
  135  11:17  Marauder  
  145  11:23  Marauder  
  145  11:24  Marine  
  143  11:30  Marine x2  
  143  11:31  Marine x2  
  143  11:32  Marauder, Marine x2  
  127  11:34  Marauder  
  127  11:35  Marine  
  127  11:39  Marauder  
  133  11:40  Widow Mine  
  133  11:42  Marine  
  133  11:43  Marine  
  137  11:48  Medivac, Marine x2  
  137  11:49  Marine  
  137  11:50  Medivac  
  137  11:53  Marauder  
  146  11:56  Marauder  
  146  12:00  Marauder  
  138  12:03  Marine x3  
  138  12:04  Marauder  
  138  12:05  Widow Mine  
  138  12:06  Widow Mine  
  147  12:14  SCV  
  147  12:15  Marauder  
  140  12:17  Marauder  
  140  12:22  Marauder  
  144  12:25  Marauder  
  144  12:27  Marine x2  
  144  12:29  Widow Mine x2  
  132  12:31  Marine x2  
  132  12:32  Marine  
  132  12:33  Marine  
  132  12:36  Marauder  
  137  12:38  Marauder  
  137  12:43  Marauder, Marine x2  
  137  12:44  Medivac  
  123  12:45  Marine  
  123  12:46  Medivac  
  123  12:50  Marauder  
  123  12:51  Marine  
  128  12:52  Marine  
  128  12:54  Marine  
  128  12:57  Marine x2  
  118  13:06  Marine  
Show
View Real Time Build Order
Export as new Build Order

Serral Zerg - Winner!

Build Orders: Hatch First 

Get SALT Encoding   

  12  0:00  Drone  
  13  0:11  Overlord  
  13  0:16  Drone  
  14  0:30  Drone x2  
  16  0:47  Hatchery  
  15  0:50  Drone  
  15  0:54  Drone  
  17  0:57  Drone  
  18  1:11  Spawning Pool  
  18  1:14  Drone  
  18  1:17  Drone  
  19  1:29  Drone  
  20  1:38  Drone  
  21  1:43  Hatchery  
  20  1:59  Queen x2  
  24  2:03  Zergling x2  
  24  2:07  Zergling x2  
  26  2:10  Overlord  
  26  2:13  Drone  
  27  2:16  Drone  
  28  2:29  Drone x2  
  30  2:31  Drone x2  
  30  2:35  Queen  
  34  2:44  Overlord  
  34  2:46  Drone  
  35  2:54  Queen  
  35  2:55  Queen  
  35  2:56  Drone  
  35  2:58  Drone  
  41  3:05  Overlord  
  41  3:09  Drone x4  
  45  3:14  Queen  
  45  3:19  Drone x2  
  49  3:22  Overlord  
  49  3:31  Queen, Extractor  
  49  3:32  Extractor  
  49  3:33  Drone  
  49  3:34  Drone  
  51  3:38  Overlord  
  51  3:39  Drone  
  51  3:44  Zergling x6  
  54  3:49  Drone x4  
  54  3:54  Queen  
  60  3:58  Zergling x2  
  60  3:59  Spore Crawler  
  60  4:03  Zergling x2  
  60  4:04  Drone x2  
  60  4:08  Zergling x4  
  65  4:11  Overlord  
  65  4:14  Overlord  
  65  4:15  Overlord  
  65  4:19  Metabolic Boost  
  66  4:31  Drone x8  
  66  4:38  Zergling x2  
  74  4:39  Drone x4  
  74  4:42  Overlord  
  74  4:43  Drone  
  79  4:49  Lair  
  79  5:00  Drone x2, Hatchery  
  79  5:01  Drone  
  81  5:07  Baneling Nest  
  81  5:09  Zergling x2, Spore Crawler  
  81  5:10  Drone x3  
  81  5:11  Drone  
  84  5:14  Drone x3  
  84  5:17  Overlord  
  87  5:23  Drone x2, Extractor  
  87  5:24  Extractor  
  87  5:27  Zergling x6  
  87  5:28  Evolution Chamber x2  
  88  5:30  Drone x2  
  88  5:31  Drone  
  88  5:32  Drone  
  88  5:33  Drone  
  93  5:38  Drone x2  
  93  5:41  Extractor  
  93  5:42  Drone  
  95  5:44  Queen x2  
  95  5:46  Drone x2  
  101  5:53  Centrifugal Hooks  
  101  5:54  Spore Crawler  
  101  5:55  Zerg Melee Weapons Level 1  
  100  5:58  Zerg Ground Armor Level 1  
  100  5:59  Overlord x2  
  100  6:02  Overlord  
  100  6:03  Drone  
  101  6:05  Drone  
  101  6:06  Overlord  
  102  6:15  Drone  
  102  6:16  Drone  
  102  6:17  Zergling x10  
  102  6:18  Zergling x6  
  112  6:24  Overlord  
  112  6:28  Zergling x14  
  119  6:38  Drone x2  
  120  6:42  Zergling x6  
  123  6:48  Zergling x14  
  123  6:52  Overlord  
  125  6:54  Zergling x8  
  125  6:55  Zergling x4  
  125  6:57  Overlord  
  125  6:59  Zergling x4  
  125  7:01  Burrow  
  133  7:04  Zergling x2  
  133  7:07  Zergling x2  
  130  7:12  Zergling x10  
  130  7:14  Zergling x2  
  130  7:15  Zergling x6  
  139  7:18  Baneling x6  
  139  7:19  Baneling  
  139  7:25  Zergling x16  
  132  7:38  Drone x4  
  132  7:42  Drone x2  
  132  7:43  Drone  
  139  7:45  Baneling x12  
  139  7:48  Infestation Pit  
  138  7:52  Drone x2  
  138  7:53  Zerg Melee Weapons Level 2, Drone x2, Zerg Ground Armor Level 2  
  141  7:59  Drone x4  
  141  8:01  Zergling x12  
  141  8:03  Zergling x2  
  151  8:07  Zergling x2  
  151  8:08  Hatchery  
  151  8:09  Zergling x2  
  151  8:10  Zergling x4  
  146  8:15  Drone x5  
  139  8:21  Drone x5  
  139  8:24  Drone  
  135  8:29  Zergling x8  
  124  8:37  Drone x2  
  124  8:39  Zergling x2  
  124  8:40  Zergling x8  
  130  8:42  Zergling x2  
  130  8:47  Hive  
  120  8:51  Baneling x10  
  121  8:55  Drone x2  
  121  8:56  Drone  
  121  8:57  Zergling x4, Drone x4  
  121  8:59  Zergling x4  
  121  9:02  Zergling x2  
  132  9:08  Baneling x9  
  130  9:13  Zergling x12  
  136  9:23  Overseer  
  136  9:24  Baneling x10  
  136  9:25  Zergling x16  
  136  9:29  Baneling x4  
  143  9:32  Drone x12  
  143  9:35  Zergling x10  
  135  9:45  Zergling x2  
  135  9:46  Zergling x26  
  133  10:00  Drone x6  
  133  10:01  Drone  
  133  10:04  Adrenal Glands  
  131  10:08  Zergling x2  
  131  10:09  Zergling x6, Baneling x8  
  131  10:11  Zergling x2  
  131  10:14  Baneling x3  
  135  10:20  Zergling x2  
  135  10:21  Zergling x20  
  137  10:23  Overseer  
  136  10:29  Zergling x10  
  133  10:37  Hatchery  
  133  10:38  Zergling x8  
  133  10:39  Baneling  
  133  10:40  Baneling x4  
  131  10:45  Zergling x2  
  131  10:46  Zergling x12  
  131  10:47  Baneling x6  
  131  10:48  Baneling x6  
  131  10:49  Zergling x8  
  130  10:50  Drone x6  
  130  10:51  Drone x5  
  130  10:54  Drone x5  
  130  10:55  Drone  
  128  10:57  Viper  
  128  11:01  Zergling x18  
  125  11:09  Drone x2  
  125  11:10  Drone x2  
  125  11:15  Drone  
  125  11:16  Drone  
  123  11:18  Drone x2  
  123  11:19  Baneling x5  
  123  11:21  Zergling x14  
  123  11:22  Pneumatized Carapace  
  130  11:31  Zergling x12  
  118  11:33  Baneling x4  
  118  11:38  Zergling x8  
  118  11:39  Zergling x2  
  122  11:40  Zergling x4  
  122  11:42  Baneling x4  
  122  11:44  Zergling x2  
  125  11:48  Baneling x3  
  125  11:51  Zergling x16  
  125  11:53  Baneling x2  
  133  11:59  Zergling x10  
  126  12:06  Zergling x10  
  126  12:08  Baneling x7  
  131  12:15  Baneling x4  
  130  12:16  Zergling x6  
  130  12:17  Zergling x14  
  130  12:22  Baneling x3  
  137  12:23  Baneling  
  137  12:29  Zergling x18  
  133  12:33  Baneling x5  
  133  12:34  Zergling x6  
  133  12:42  Zergling x16  
  129  12:45  Baneling x7  
  129  12:48  Zergling x10  
  134  12:56  Spore Crawler, Drone  
  134  12:57  Drone  
  135  13:02  Zergling x16  
  132  13:08  Zergling x2  
  132  13:09  Zergling x10  
Tags
 
Add a new tag
Caveats
  • Supply blocks, unpowered buildings, or Contaminate may cause inaccurate times.
  • Supply counts are checked every 10 seconds.